 Dungeon Crawl Stone Soup version 0.30-a0-377-g5cb311bc9f (webtiles) character file.

Game seed: 4949825700934797612

8160 Decritt the Fighter (level 11, -14/87 HPs)
             Began as a Djinni Air Elementalist on Nov 28, 2022.
             Was a Follower of Makhleb.
             Shot with a sling bullet by a centaur warrior (27 damage)
             ... on level 9 of the Dungeon.
             The game lasted 00:30:12 (13490 turns).

Decritt the Fighter (Djinni Air Elementalist)      Turns: 13490, Time: 00:30:12

Health: -14/87     AC: 13    Str:  7    XL:     11   Next: 50%
Gold:   310        EV: 12    Int: 24    God:    Makhleb [*.....] SH:  0 Dex: 16

rFire   + + .      SeeInvis .    u - +5 hammer of Hard Scrabble {drain, MP+9 Int+2 Dex+3}
rCold   . . .      Faith    .    (no shield)
rNeg    . . .      Spirit   .    c - +0 steam dragon scales
rPois   ∞          Reflect  .    j - +0 helmet
rElec   .          Harm     .    o - +2 cloak {Will+}
rCorr   .          Rampage  .    h - +1 pair of gloves
Will    ++...                    (boots unavailable)
Stlth   ++........               (no amulet)
HPRegen 0.34/turn                v - ring of wizardry
MPRegen 0.00/turn                z - ring of protection from cold

@: swift, flying, very quick
A: sickness immunity, fire resistance 2, cold vulnerability 1, float, innate
caster, HP casting, extra vitality 1
a: Renounce Religion


You were on level 9 of the Dungeon.
You worshipped Makhleb.
Makhleb was aware of your devotion.
You visited 2 branches of the dungeon, and saw 10 of its levels.
You also visited: Sewer.

You collected 668 gold pieces.
You spent 358 gold pieces at shops.

Inventory:

Hand Weapons
 u - the +5 hammer of Hard Scrabble (weapon) {drain, MP+9 Int+2 Dex+3}
   (You found it on level 2 of the Dungeon)

   A truly terrible weapon, it drains the life of any living foe it strikes.
   Int:       It affects your intelligence (+2).
   Dex:       It affects your dexterity (+3).
   MP:        It affects your magic capacity (+9).
Armour
 c - +0 steam dragon scales (worn)
 h - a +1 pair of gloves (worn)
 j - a +0 helmet (worn)
 n - the +1 ring mail of the Turtle {Will+ Dex+6}
   (You found it on level 4 of the Dungeon)

   Dex:       It affects your dexterity (+6).
   Will:      It increases your willpower.
 o - a +2 cloak of willpower (worn)
 p - the +1 ring mail of Lyvacei Pucw {rC+ rCorr Str-5 Dex+2}
   (You found it on level 2 of the Dungeon)

   Str:       It affects your strength (-5).
   Dex:       It affects your dexterity (+2).
   rC:        It protects you from cold.
   rCorr:     It protects you from acid and corrosion.
Magical Staves
 s - a staff of death
 w - a staff of poison
Jewellery
 a - a ring of positive energy
 e - a ring of positive energy
 v - a ring of wizardry (left hand)
 z - a ring of protection from cold (right hand)
Wands
 i - a wand of quicksilver (2)
 x - a wand of digging (7)
Scrolls
 b - a scroll of fear
 l - 3 scrolls of teleportation
 m - 2 scrolls of butterflies
 y - a scroll of magic mapping
Potions
 d - 2 potions of haste
 f - a potion of berserk rage {unknown}
 g - 6 potions of curing
 k - a potion of invisibility {unknown}
 q - 3 potions of brilliance
 A - a potion of mutation {unknown}
 B - a potion of lignification {unknown}


   Skills:
 * Level 11.2 Fighting
 + Level 6.5 Armour
 - Level 2.1 Dodging
 - Level 1.5 Stealth
 * Level 9.1 Spellcasting


You had 5 spell levels left.
You knew the following spells:

 Your Spells              Type           Power      Damage    Failure   Level
a - Shock                 Conj/Air       100%       1d9       1%          1
b - Airstrike             Air            26%        2d(4-20)  1%          4
c - Slow                  Hex            100%       N/A       1%          1
d - Static Discharge      Conj/Air       100%       2-7/arc   1%          2
e - Call Imp              Summ           53%        N/A       1%          2
f - Dazzling Flash        Conj/Hex       100%       N/A       1%          3
g - Ignite Poison         Fire/Tmut/Pois 53%        N/A       1%          3
h - Sticky Flame          Conj/Fire      53%        2d7       1%          4
s - Swiftness             Air            53%        N/A       1%          3
Your spell library was empty.

Dungeon Overview and Level Annotations

Branches:
Dungeon (9/15)             Temple (1/1) D:7            Lair (0/5) D:9
  Sewer (visited)
    Orc: D:9-12

Altars:
Ashenzari
Cheibriados
Dithmenos
Elyvilon
Fedhas
Gozag
Hepliaklqana
Makhleb
Nemelex Xobeh
Okawaru
Qazlal
Ru
Trog
Uskayaw
Wu Jian
Xom
Yredelemnul
Zin

Shops:
D:3 !   D:7 =

Annotations:
D:9 1 runed translucent door, choppaz's ghost, journeyman DECj


Innate Abilities, Weirdness & Mutations

You are immune to sickness and miasma.
You are immune to poison.
Your flesh is very heat resistant. (rF++)
You are vulnerable to cold. (rC-)
You float through the air rather than walking.
You learn spells naturally, not from books.
Your magical power is your life essence.
You have superior vitality. (+4 MHP)


Message History

The sling bullet completely misses you. The tengu conjurer hits your butterfly!
Your butterfly dies!
Your butterfly disappears in a burst of colours!
Okay, then.
Casting: Airstrike (mildly dangerous; 1% risk of failure)
Confirm with . or Enter, or press ? or * to list all spells.
You feel quick.
The tengu conjurer shouts!
* * * LOW HITPOINT WARNING * * *
Your butterfly is engulfed in a cloud of scalding steam.
Your butterfly dies!
Your butterfly disappears in a burst of colours!
The centaur warrior barely misses your butterfly.
The centaur warrior kicks your butterfly.
Your butterfly dies!
Your butterfly disappears in a burst of colours!
The tengu conjurer casts a spell.
The centaur warrior hits your butterfly with the +7 sling "Poxteytu" {freeze, Dex+4 Stlth+}!
Your butterfly dies!
Your butterfly disappears in a burst of colours!
A battlesphere comes into view.
The tengu conjurer gestures at you while chanting.
The bolt of lightning misses your butterfly.
The bolt of lightning hits you!
* * * LOW HITPOINT WARNING * * *
You hear an angry hiss.
The tengu conjurer hits you.
* * * LOW HITPOINT WARNING * * *
The tengu conjurer pecks you but does no damage.
The tengu conjurer barely misses you.
The centaur warrior closely misses your butterfly.
The centaur warrior kicks your butterfly.
Your butterfly dies!
Your butterfly disappears in a burst of colours!
The steam dragon bites your butterfly.
Your butterfly dies!
Your butterfly disappears in a burst of colours!
The centaur warrior shoots a sling bullet.
The sling bullet hits you!!
You die...

#..Y.....# #..## #..###
#........# ##...## ##.D..#
#...###..# ##.....###...#.####
#..## #..###....*...bc.......#
#..# #........#Q..#...#...#.#
#..# #.......#..b#..b#...#..#
...# #..###.#[..#...#..b#...#
.(.####..# #..#.[.#.b.#...#..#
.....##..# #..)#@..#...#b..#.#
.....##..###.[.[.b...........#
..~..)†......#..[#...#...#....
~~............#...#..b#...#...
≈~...##..###...#...#...#...#.
≈~..~##..# #..#...#...#...#.
~≈~~≈##..# #.#...#...#...
≈≈≈≈≈##..# #............
~~≈≈≈##..# #...#...#.


You could see a centaur warrior (ally target), a tengu conjurer, a steam dragon
(ally target) and a battlesphere (distracted).

Vanquished Creatures
  A two-headed ogre (D:8)
  Pikel (D:7)
  A cyclops (D:8)
  A troll (D:9)
  Prince Ribbit (D:5)
  Sigmund (D:5)
  5 yaks
  Eustachio (D:6)
  A shadow (D:7)
  A steam dragon (D:8)
  Edmund (D:4)
  2 acid dragons (D:9)
  A water moccasin (D:7)
  4 orc warriors
  A black bear (D:4)
  An ice beast (D:6)
  A sky beast (D:7)
  A wolf (D:8)
  5 centaurs
  2 ogres (D:5)
  2 lemures (D:7)
  A phantom (D:5)
  Blork the orc (D:6)
  A kobold brigand (D:7)
  3 bullfrogs
  2 necrophages
  A gnoll sergeant (D:8)
  A scorpion (D:7)
  8 wights
  6 killer bees
  4 howler monkeys
  2 electric eels (D:9)
  3 orc priests
  6 jellies
  Crazy Yiuf (D:2)
  A gnoll bouda (D:8)
  8 hounds
  5 iguanas
  Ijyb (D:5)
  6 orc wizards
  10 gnolls
  14 adders
  4 river rats (Sewer)
  A shadow imp (D:3)
  7 worms
  2 dart slugs (D:2)
  19 orcs
  16 bats
  8 endoplasms
  9 giant cockroaches
  8 goblins
  10 hobgoblins
  8 jackals
  8 kobolds
  11 quokkas
  11 ball pythons
  9 frilled lizards
  12 rats
263 creatures vanquished.

Vanquished Creatures (others)
  A wizard (D:8)
  2 orcs (D:9)
3 creatures vanquished.

Grand Total: 266 creatures vanquished

Notes
Turn   | Place    | Note
-------+----------+-------------------------------------------
     0 | D:1      | Decritt the Djinni Air Elementalist began the quest for the
                  | Orb.
     0 | D:1      | Decritt set off with the following spells memorised: Shock,
                  | Static Discharge, Swiftness, Airstrike.
     0 | D:1      | Reached XP level 1. HP: 15/15 MP: 0/0
    95 | D:1      | Reached XP level 2. HP: 18/22 MP: 0/0
   190 | D:1      | Reached skill level 1 in Fighting
   454 | D:1      | Reached XP level 3. HP: 22/27 MP: 0/0
   454 | D:1      | Learned a level 1 spell: Slow
  1111 | D:1      | Found a faded altar of an unknown god.
  1324 | D:1      | Reached skill level 2 in Fighting
  1331 | D:1      | Reached XP level 4. HP: 9/33 MP: 0/0
  1950 | D:2      | Identified the +1 ring mail of Lyvacei Pucw {rC+ rCorr
                  | Str-5 Dex+2}
  1986 | D:2      | Found a runed translucent door.
  1987 | D:2      | Noticed Crazy Yiuf
  2160 | D:2      | Reached XP level 5. HP: 36/40 MP: 0/0
  2160 | D:2      | Learned a level 2 spell: Call Imp
  2461 | D:3      | Found Feymaule's Distillery.
  2490 | D:3      | Bought a potion of curing for 33 gold pieces
  2747 | D:3      | Reached skill level 3 in Fighting
  3949 | D:4      | Reached XP level 6. HP: 10/47 MP: 0/0
  4266 | D:4      | Noticed a black bear
  4275 | D:4      | Killed a black bear
  4276 | D:4      | Reached skill level 4 in Fighting
  4388 | D:4      | Reached XP level 7. HP: 43/53 MP: 0/0
  4388 | D:4      | Learned a level 3 spell: Ignite Poison
  4584 | D:4      | Noticed Edmund
  4614 | D:5      | Entered Level 5 of the Dungeon
  4713 | D:5      | Noticed Ijyb
  4725 | D:5      | Killed Ijyb
  4907 | D:5      | Found a glowing drain.
  4916 | Sewer    | Entered a sewer
  5176 | Sewer    | Reached skill level 5 in Fighting
  5930 | D:4      | Killed Edmund
  5931 | D:4      | Reached skill level 5 in Spellcasting
  5931 | D:4      | Reached XP level 8. HP: 21/61 MP: 0/0
  6186 | D:4      | Identified the +1 ring mail of the Turtle {Will+ Dex+6}
  6487 | D:3      | Reached skill level 6 in Fighting
  6671 | D:2      | Killed Crazy Yiuf
  6773 | D:2      | Identified the +5 hammer of Hard Scrabble {drain, MP+9
                  | Int+2 Dex+3}
  6939 | D:5      | Noticed Sigmund
  6945 | D:5      | Killed Sigmund
  6946 | D:5      | Reached skill level 1 in Armour
  6959 | D:5      | Noticed Prince Ribbit
  6966 | D:5      | Killed Prince Ribbit
  7139 | D:5      | Reached skill level 7 in Fighting
  7139 | D:5      | Reached XP level 9. HP: 52/68 MP: 0/0
  7139 | D:5      | Learned a level 3 spell: Dazzling Flash
  7902 | D:6      | Noticed Blork the orc
  7905 | D:6      | Killed Blork the orc
  8140 | D:6      | Noticed Eustachio
  8147 | D:6      | Killed Eustachio
  8232 | D:6      | Found a shimmering altar of Xom.
  8700 | D:7      | Reached skill level 8 in Fighting
  9053 | D:7      | Reached XP level 10. HP: 45/77 MP: 0/0
  9400 | D:7      | Reached skill level 9 in Fighting
  9630 | D:7      | Found a staircase to the Ecumenical Temple.
  9639 | Temple   | Entered the Ecumenical Temple
  9760 | Temple   | Became a worshipper of Makhleb the Destroyer
 10040 | D:7      | Found Zamp's Jewellery Shoppe.
 10045 | D:7      | Bought a ring of protection from cold for 325 gold pieces
 10283 | D:7      | Noticed Pikel
 10286 | D:7      | Killed Pikel
 10287 | D:7      | Reached skill level 5 in Armour
 10878 | D:8      | Found a hazy altar of Hepliaklqana.
 11126 | D:8      | Noticed a cyclops
 11129 | D:8      | Killed a cyclops
 11130 | D:8      | Reached skill level 10 in Fighting
 11901 | D:9      | Found a runed translucent door.
 11901 | D:9      | Noticed choppaz's ghost (journeyman DECj)
 11920 | D:9      | Reached XP level 11. HP: 81/85 MP: 0/0
 11920 | D:9      | Learned a level 4 spell: Sticky Flame
 11934 | D:9      | Noticed a wizard
 11937 | D:9      | Noticed a two-headed ogre
 12281 | D:8      | Killed a wizard
 12451 | D:8      | HP: 2/86 [two-headed ogre/+0 giant club (13)]
 12686 | D:8      | Killed a two-headed ogre
 12796 | D:8      | Reached * piety under Makhleb
 12799 | D:8      | Reached skill level 11 in Fighting
 13441 | D:9      | Found a staircase to the Lair.
 13478 | D:9      | Identified the +7 sling "Poxteytu" {freeze, Dex+4 Stlth+}
 13478 | D:9      | Noticed a centaur warrior
 13490 | D:9      | Shot with a sling bullet by a centaur warrior

Illustrated notes

Levels and vault maps discovered:
D:1:      lemuel_arrival_lava_pool, layout_basic, basic_ecumenical_altar
D:2:      layout_loops_ring, minmay_small_reverse_x, uniq_crazy_yiuf_cottage
D:3:      minmay_razor_zed, layout_basic, serial_shops,
          nicolae_shop_window_shopping
D:4:      layout_loops_ring, kennysheep_potato, uniq_edmund
D:5:      nicolae_BIG_FREAKIN_CUBE, layout_cave_pools, portal_sewer_entry_d,
          kennysheep_generic_room_5, uniq_prince_ribbit1, uniq_sigmund,
          uniq_ijyb
D:6:      layout_basic, lemuel_crystal_altar, uniq_eustachio, uniq_blork_the_orc
D:7:      cheibrodos_barr_body, layout_gridville, lemuel_temple_firewalk_a,
          serial_shops, nicolae_shop_stone, uniq_pikel
D:8:      kennysheep_spiral_hall, layout_basic, nicolae_hepliaklqana_hazy_memory
D:9:      cheibrodos_fzero, layout_small_grid, erik_lair_island,
          hellmonk_ghost_happy_afterlife, hangedman_decor_peaks_small,
          ldierk_geyser
Temple:   compressed_dpeg_triangle_lava_temple

Skill      XL: |  1  2  3  4  5  6  7  8  9 10 11 |
---------------+----------------------------------+-----
Fighting       | 1 2 3 4 5 7 8 10 11 | 11.2
Spellcasting   | 3 4 5 6 7 8 9 |  9.1
Armour         | 2 4 5 6 |  6.5
Dodging        | |  2.1
Stealth        | |  1.5

Action                   |  1- 3 |  4- 6 |  7- 9 | 10-12 || total
-------------------------+-------+-------+-------+-------++-------
Melee: Staff             |       |       |     1 |       ||     1
       Mace              |       |       |     1 |    38 ||    39
 Cast: Shock             |    73 |   170 |   156 |    29 ||   428
       Slow              |       |    15 |    12 |       ||    27
       Swiftness         |       |     2 |       |     1 ||     3
       Airstrike         |       |       |    97 |   131 ||   228
       Dazzling Flash    |       |       |       |     1 ||     1
  Use: Scroll            |       |       |    16 |     4 ||    20
       Potion            |       |       |     1 |     1 ||     2
Armor: Robe              |     9 |    11 |    17 |       ||    37
       Ring mail         |       |       |       |    52 ||    52
       Steam dragon scal |       |       |       |    11 ||    11
Dodge: Dodged            |    18 |    38 |    59 |    50 ||   165

Table legend: (Time is in decaauts)
 A = Elapsed time spent in this place.
 B = Non-inter-level travel time spent in this place.
 C = Inter-level travel time spent in this place.
 D = Time resting spent in this place.
 E = Time spent auto-exploring this place.
 F = Levels seen in this place.
 G = Mean time per level.
                   A        B        C        D        E       F      G
               +--------+--------+--------+--------+--------+-----+--------+
         Total |  13519 |  13044 |    475 |   3939 |   7370 |  11 | 1229.0 |
       Dungeon |  12607 |  12145 |    462 |   3731 |   6837 |   9 | 1400.8 |
        Temple |    134 |    121 |     13 |      0 |    107 |   1 |  134.0 |
         Sewer |    776 |    776 |      0 |    208 |    426 |   1 |  776.0 |
               +--------+--------+--------+--------+--------+-----+--------+

Top non-repeatable levels by time:
     D:8: 2596 daAuts
     D:6: 1674 daAuts
     D:3: 1663 daAuts
     D:1: 1452 daAuts
     D:4: 1431 daAuts
     D:5: 1198 daAuts
     D:7: 1183 daAuts
     D:2: 1025 daAuts
   Sewer: 776 daAuts
     D:9: 383 daAuts
  Temple: 134 daAuts
